 Dungeon Crawl Stone Soup version 0.26-a0-631-ged93497179 (webtiles) character file.

Game seed: 9280234786237175112

176692 Murumi the Warrior (level 18, -17/209 HPs)
             Began as an Ogre Conjurer on Sept 12, 2020.
             Was a High Priest of Okawaru.
             Hit by a large rock thrown by Polyphemus (27 damage)
             ... on level 3 of the Shoals.
             The game lasted 02:50:12 (40637 turns).

Murumi the Warrior (Ogre Conjurer)                 Turns: 40637, Time: 02:50:12

Health: -17/209    AC: 23    Str: 26    XL:     18   Next: 14%
Magic:  32/32      EV:  7    Int: 21    God:    Okawaru [*****.]
Gold:   2472       SH:  0    Dex:  7    Spells: 34/37 levels left

rFire    + + .     SeeInvis +   Z - +7 dire flail (venom)
rCold    + . .     Faith    .   (shield currently unavailable)
rNeg     . . .     Spirit   .   I - +2 gold dragon scales of Hadjma {*Contam rPois rF+ rC+ Regen+ SInv}
rPois    +         Reflect  .   K - +0 hat {SInv}
rElec    .         Harm     .   U - scarf {repulsion}
rCorr    .         Rampage  .   (gloves unavailable)
MR       ++...                  (boots unavailable)
Stlth    ..........             V - amulet of regeneration
HPRegen  1.24/turn              u - +6 ring of strength
MPRegen  0.23/turn              O - ring "Atiurgh" {rPois rF+ MR+}

@: heroism, finesse, hasted, repel missiles, quick
A: large, unfitting armour, tough skin 1
a: Heroism, Finesse, Renounce Religion


You were on level 3 of the Shoals.
You worshipped Okawaru.
Okawaru was extremely pleased with you.
You visited 5 branches of the dungeon, and saw 27 of its levels.
You visited the Abyss 1 time.
You also visited: Ossuary, Ice Cave and Volcano.

You collected 3514 gold pieces.
You spent 1042 gold pieces at shops.

Inventory:

Hand Weapons
 r - a +1 giant spiked club
 G - a +0 giant club of protection
 Q - the +5 great mace of the Morning {venom, rF++ MR- Dex+2}
   (Okawaru gifted it to you on level 11 of the Dungeon)

   It poisons the flesh of those it strikes.
   It affects your dexterity (+2).
   It greatly protects you from fire.
   It affects your resistance to hostile enchantments.
 S - a +5 eveningstar of freezing
 Z - a +7 dire flail of venom (weapon)
Missiles
 l - 36 large rocks
 v - 4 atropa-tipped darts (quivered)
 z - 9 curare-tipped darts
 M - 5 throwing nets
Armour
 I - the +2 gold dragon scales of Hadjma (worn) {*Contam rPois rF+ rC+ Regen+ SInv}
   (You acquired it on level 8 of the Dungeon)

   It protects you from fire.
   It protects you from cold.
   It protects you from poison.
   It lets you see invisible.
   It causes magical contamination when unequipped.
   It increases your rate of regeneration.
 K - a +0 hat of see invisible (worn)
 U - a scarf of repulsion (worn)
Jewellery
 b - an uncursed ring of positive energy
 d - an uncursed amulet of guardian spirit
 e - an uncursed ring of protection from magic
 u - a +6 ring of strength (left hand)
 w - an uncursed ring of protection from fire
 B - an uncursed ring of protection from cold
 O - the ring "Atiurgh" (right hand) {rPois rF+ MR+}
   (You found it on level 10 of the Dungeon)

   [ring of poison resistance]

   It protects you from fire.
   It protects you from poison.
   It affects your resistance to hostile enchantments.
 V - an amulet of regeneration (around neck)
Wands
 h - a wand of paralysis (9)
 k - a wand of disintegration (23)
 p - a wand of enslavement (9)
 y - a wand of digging (8)
 A - a wand of flame (73)
 H - a wand of acid (46)
 P - a wand of iceblast (14)
Scrolls
 i - 17 scrolls of remove curse
 j - 7 scrolls of fog
 n - a scroll of enchant weapon
 o - 14 scrolls of teleportation
 t - 2 scrolls of identify
 E - 9 scrolls of amnesia
 L - a scroll of magic mapping
Potions
 a - 6 potions of might
 c - 8 potions of flight
 f - 4 potions of berserk rage
 g - 14 potions of curing
 m - a potion of heal wounds
 q - a potion of cancellation
 s - 3 potions of ambrosia
 x - 4 potions of brilliance
 D - 3 potions of mutation
 F - 6 potions of haste
 N - 2 potions of magic
 X - 2 potions of resistance
Miscellaneous
 C - a lightning rod (4/4)
 J - a phantom mirror
 R - a phial of floods
 T - a tin of tremorstones (3/3)
 Y - a condenser vane (2/2)


   Skills:
 + Level 19.6(24.6) Fighting
 - Level 12.0(17.0) Maces & Flails
 - Level 11.0(16.0) Armour
 - Level 8.0(13.0) Dodging
 - Level 6.0(11.0) Stealth
 - Level 10.0 Spellcasting
 - Level 8.0 Conjurations
 - Level 10.0 Invocations
 - Level 6.0 Evocations


You had 34 spell levels left.
You knew the following spells:

 Your Spells              Type           Power        Failure   Level
a - Magic Dart            Conj           ####         4%          1
b - Searing Ray           Conj           #####.       8%          2

Your spell library contained the following spells:

 Spells                   Type           Power        Failure   Level
 Conjure Flame            Conj/Fire      ####....     61%         3
 Dazzling Flash           Conj/Hex       ####..       61%         3
 Beastly Appendage        Tmut           ##....       80%         1
 Summon Small Mammal      Summ           ##..         80%         1
 Mephitic Cloud           Conj/Pois/Air  ###.....     80%         3
 Blink                    Tloc           N/A          90%         2
 Call Imp                 Summ           ##......     90%         2
 Poisonous Vapours        Pois/Air       ##....       90%         2
 Sublimation of Blood     Necr           ##........   90%         2
 Wereblood                Tmut           ##......     90%         2
 Fulminant Prism          Conj/Hex       ####......   95%         4
 Iskenderun's Mystic Bla  Conj/Tloc      ####....     95%         4
 Call Canine Familiar     Summ           ##......     99%         3
 Confusing Touch          Hex            ##......     99%         3
 Gell's Gravitas          Tloc           ##........   99%         3
 Ignite Poison            Fire/Tmut/Pois ##......     99%         3
 Lesser Beckoning         Tloc           ##........   99%         3
 Spider Form              Tmut/Pois      ##........   99%         3
 Summon Guardian Golem    Hex/Summ       ##......     99%         3
 Teleport Other           Tloc           ##......     99%         3
 Ice Form                 Ice/Tmut       ##......     100%        4
 Passage of Golubria      Tloc           N/A          100%        4
 Petrify                  Tmut/Erth      ##......     100%        4
 Summon Ice Beast         Ice/Summ       ##......     100%        4
 Summon Lightning Spire   Summ/Air       ##......     100%        4
 Alistair's Intoxication  Tmut/Pois      ##.......    100%        5
 Blade Hands              Tmut           ##........   100%        5
 Irradiate                Conj/Tmut      ####......   100%        5
 Metabolic Englaciation   Hex/Ice        ##........   100%        5
 Yara's Violent Unravell  Hex/Tmut       ##........   100%        5
 Eringya's Noxious Bog    Tmut/Pois      ##........   100%        6
 Freezing Cloud           Conj/Ice/Air   ###.......   100%        6


Dungeon Overview and Level Annotations

Branches:
Dungeon (15/15)            Temple (1/1) D:4            Lair (6/6) D:11
 Shoals (3/4) Lair:3       Spider (0/4) Lair:2        Slime (0/5) Lair:5
    Orc (2/2) D:10            Elf (0/3) Orc:2        Vaults (0/5) D:13
 Depths (0/5) D:15        Ossuary (visited)           IceCv (visited)
Volcano (visited)

Altars:
Ashenzari
Cheibriados
Dithmenos
Elyvilon
Fedhas
Gozag
Hepliaklqana
Kikubaaqudgha
Makhleb
Nemelex Xobeh
Okawaru
Qazlal
Ru
Sif Muna
Trog
Uskayaw
Vehumet
Wu Jian
Xom
Yredelemnul
Zin
The Shining One
Beogh

Shops:
D:5 ?!(   D:7 *   D:8 *   D:12 =   Orc:2 ((*(

Portals:
Trove: D:10 (show abyssal rune of Zot)

Annotations:
Shoals:3 Polyphemus


Innate Abilities, Weirdness & Mutations

You are too large for most types of armour.
You have tough skin. (AC +1)


Message History

* * * LOW HITPOINT WARNING * * *
Okay, then.
You feel much better.
You are engulfed in calcifying dust.
The catoblepas gores you!
* * * LOW HITPOINT WARNING * * *
You enter the shallow water.
Moving in this stuff is going to be slow.
Polyphemus throws a large rock.
The large rock closely misses you.
You hear a splash.
The catoblepas gores you but does no damage.
You see here a large rock.
You feel yourself speed up.
Polyphemus throws a large rock.
The large rock completely misses you.
You hear a splash.
The catoblepas gores you but does no damage.
The catoblepas gores you!
* * * LOW HITPOINT WARNING * * *
Polyphemus looks around for something heavy to throw at you.
Polyphemus throws a large rock.
The large rock hits you!!
You die...

≈≈≈≈≈≈≈....≈≈≈≈≈≈≈≈≈≈≈≈≈≈≈≈≈≈≈≈
≈≈≈≈≈..###.≈≈≈≈≈≈≈≈≈≈≈≈≈≈≈≈≈≈≈≈
≈P≈....# ##.≈≈≈≈≈≈≈≈≈≈≈≈≈≈≈≈≈≈≈
PP..##.###..≈≈≈≈≈≈≈≈≈≈≈≈≈≈≈≈≈≈≈
≈PP.#.......≈≈≈≈≈≈≈≈≈≈≈≈≈≈≈≈...
..P≈≈....###.≈≈≈≈≈≈≈≈≈≈≈≈.≈....
#.(.P≈≈>.# #.≈≈≈≈≈≈≈≈≈≈........
###.≈≈≈≈.# #..≈≈≈≈≈≈≈≈≈.(....(.
#..≈≈..###..≈≈@Y(≈≈≈≈.##.....
#..≈≈≈≈........≈≈.§≈≈..#:.$##
##.≈...........≈≈≈..≈≈......#
##.......).###...≈≈≈≈≈≈≈§.......
#....[.....###...≈≈≈≈≈C≈.Y...C≈≈
##....####.........≈≈≈≈≈≈≈≈≈C.≈≈≈
#....#####.##..##..≈≈≈≈......≈≈≈≈
....###...###..###........#..≈≈≈≈
≈≈≈...................[..###.≈≈≈≈


You could see Polyphemus and a catoblepas.

Vanquished Creatures
  An orc warlord (Orc:2)
  A stone giant (Volcano)
  2 vampire knights (D:15)
  A merfolk javelineer (Shoals:2)
  2 blizzard demons (IceCv)
  Snorg (Orc:1)
  A merfolk impaler (Shoals:2)
  A fire dragon (D:15)
  Josephine (Lair:4)
  The ghost of pentaxis93 the Demolition Draconian, a journeyman DrTm of Makhleb (Lair:2)
  2 merfolk avatars
  A catoblepas (Lair:3)
  An alligator snapping turtle (Shoals:3)
  3 two-headed ogres
  8 hydras
  The ghost of dricus the Unseen, a journeyman SpEn of Gozag (Lair:2)
  A merfolk aquamancer (Shoals:3)
  2 centaur warriors
  A satyr (Shoals:3)
  3 tengu warriors
  The ghost of UristMcRaven the Thaumaturge, a journeyman DECj of Vehumet (Lair:2)
  Urug (Orc:2)
  3 death yaks (Lair:4)
  3 orc high priests (Orc:2)
  3 sun demons
  A sixfirhy (Abyss:1)
  3 sea snakes
  6 unseen horrors
  A glowing orange brain (D:15)
  A sea snake (shapeshifter) (D:15)
  A wizard (D:15)
  12 harpies
  A lindwurm (shapeshifter) (D:11)
  6 orc knights
  11 ugly things
  4 fauns
  2 deep elf magi
  5 orc sorcerers (Orc:2)
  6 cyclopes
  5 elephants (Lair:5)
  Joseph (D:8)
  4 merfolk sirens
  3 manticores
  Maurice (Orc:1)
  3 ice statues
  3 torpor snails
  5 black mambas
  3 gargoyles
  4 cane toads
  2 kobold demonologists
  2 efreet
  A rime drake (shapeshifter) (D:13)
  5 centaur skeletons
  4 rime drakes
  4 freezing wraiths
  7 komodo dragons
  7 ice devils (IceCv)
  6 anaconda simulacra (IceCv)
  4 tengu conjurers
  2 red devils (Abyss:1)
  2 hellwings (D:9)
  A queen bee (D:11)
  A meliai (shapeshifter) (D:15)
  4 polar bears
  17 merfolk
  2 wind drakes
  9 trolls
  2 tyrant leeches (D:15)
  7 hornets
  A meliai zombie (D:9)
  5 slime creatures
  3 wolf spider simulacra
  A raiju (shapeshifter) (D:15)
  8 hippogriffs
  7 snapping turtles
  13 dream sheep
  21 blink frogs
  4 centaur simulacra
  A shadow (D:15)
  6 water elementals
  12 spriggans (Lair:6)
  43 yaks
  2 vampires
  7 wraiths
  3 dire elephant simulacra (IceCv)
  Eustachio (D:4)
  4 wyverns
  A fire elemental (Volcano)
  9 vampire mosquitoes
  5 wargs
  2 iron troll simulacra (IceCv)
  A large abomination (Abyss:1)
  3 harpy simulacra (IceCv)
  A soldier ant (D:15)
  11 water moccasins
  5 porcupines
  4 hydra simulacra (IceCv)
  42 orc warriors
  3 sky beasts
  3 ice beasts
  5 black bears
  An ettin simulacrum (IceCv)
  An eye of draining (D:8)
  A necrophage (D:11)
  5 phantoms
  35 wolves
  7 centaurs
  12 ogres
  4 boggarts (Lair:6)
  20 crocodiles
  A big kobold (D:13)
  22 bullfrogs
  A wyvern zombie (D:9)
  A gnoll sergeant (D:13)
  A wyvern skeleton (D:9)
  A scorpion (D:9)
  29 killer bees
  2 vampire bats (Lair:1)
  33 wights
  8 electric eels
  2 quasits
  9 centaur zombies
  10 hounds
  Crazy Yiuf (D:5)
  32 orc priests
  4 bullfrog skeletons
  5 jellies
  Ijyb (D:5)
  6 worker ants
  An iguana (D:10)
  34 orc wizards
  A spriggan simulacrum (IceCv)
  A troll simulacrum (IceCv)
  A wolf simulacrum (IceCv)
  A big kobold zombie (Ossuary)
  2 hound zombies
  A hound skeleton (D:4)
  8 mummies (Ossuary)
  A howler monkey zombie (D:6)
  12 gnolls
  4 naga simulacra (IceCv)
  8 adders
  2 ogre simulacra (IceCv)
  7 shadow imps
  10 white imps
  9 ufetubi
  An adder skeleton (D:10)
  2 dart slugs
  4 leopard geckos
  92 orcs
  2 ball pythons
  13 bats
  4 giant cockroaches
  3 gnoll zombies (Ossuary)
  7 goblins
  6 hobgoblins
  14 jackals
  6 kobolds
  8 quokkas
  3 frilled lizards
  2 hobgoblin zombies (Ossuary)
  2 orc zombies (Ossuary)
  A quokka skeleton (D:9)
  A quokka zombie (D:10)
  6 rats
999 creatures vanquished.

Vanquished Creatures (others)
  A manticore (Shoals:2)
  A human (D:10)
  An orc priest (Orc:2)
  29 fungi
  57 plants
  6 withered plants
95 creatures vanquished.

Grand Total: 1094 creatures vanquished

Notes
Turn   | Place    | Note
-------+----------+-------------------------------------------
     0 | D:1      | Murumi the Ogre Conjurer began the quest for the Orb.
     0 | D:1      | Reached XP level 1. HP: 16/16 MP: 3/3
   185 | D:1      | Found a glowing golden altar of the Shining One.
   269 | D:1      | Reached XP level 2. HP: 24/24 MP: 0/5
   280 | D:1      | Learned a level 2 spell: Searing Ray
  1091 | D:1      | Reached XP level 3. HP: 14/31 MP: 0/7
  1371 | D:2      | Reached skill level 1 in Fighting
  1569 | D:2      | Reached skill level 2 in Fighting
  1674 | D:2      | Found a bloodstained altar of Trog.
  1768 | D:2      | Reached XP level 4. HP: 42/42 MP: 2/8
  1827 | D:2      | Reached skill level 1 in Maces & Flails
  2171 | D:3      | Found a snail-covered altar of Cheibriados.
  2184 | D:3      | Reached skill level 3 in Fighting
  2477 | D:3      | Reached XP level 5. HP: 46/54 MP: 4/9
  2477 | D:3      | Reached skill level 4 in Fighting
  2719 | D:3      | Noticed an orc warrior
  2765 | D:3      | Reached skill level 1 in Evocations
  2769 | D:3      | Killed an orc warrior
  2769 | D:3      | Reached skill level 5 in Fighting
  2769 | D:3      | Reached XP level 6. HP: 44/66 MP: 0/10
  2907 | D:3      | Found an ancient bone altar of Kikubaaqudgha.
  2907 | D:3      | Found a burning altar of Makhleb.
  2910 | D:3      | Found a glowing silver altar of Zin.
  2955 | D:3      | Found an ornate altar of the Wu Jian Council.
  3609 | D:4      | Reached skill level 6 in Fighting
  3899 | D:4      | Reached XP level 7. HP: 44/75 MP: 7/11
  4344 | D:4      | Found a staircase to the Ecumenical Temple.
  4353 | Temple   | Entered the Ecumenical Temple
  4480 | Temple   | Became a worshipper of Warmaster Okawaru
  4879 | D:4      | Noticed Eustachio
  4923 | D:4      | Killed Eustachio
  4923 | D:4      | Reached skill level 1 in Invocations
  5197 | D:5      | Entered Level 5 of the Dungeon
  5388 | D:5      | Noticed Ijyb
  5398 | D:5      | Killed Ijyb
  5946 | D:5      | Found Vaololu's Distillery.
  5951 | D:5      | Bought a potion of degeneration for 12 gold pieces
  6146 | D:5      | Found Xihon's Weapon Shop.
  6189 | D:5      | Reached skill level 7 in Fighting
  6328 | D:5      | Found Uleese's Magic Scroll Boutique.
  6358 | D:5      | Found a runed translucent door.
  6359 | D:5      | Noticed Crazy Yiuf
  6390 | D:5      | Killed Crazy Yiuf
  7136 | D:6      | Reached skill level 8 in Fighting
  7136 | D:6      | Reached XP level 8. HP: 56/88 MP: 8/12
  7960 | D:6      | Found a blossoming altar of Fedhas.
  8015 | D:6      | Reached * piety under Okawaru
  8406 | D:6      | Reached skill level 9 in Fighting
  9068 | D:7      | Found Inyfarob's Elemental Accessories.
  9189 | D:7      | Reached skill level 5 in Maces & Flails
  9230 | D:7      | Reached XP level 9. HP: 98/98 MP: 8/13
 10269 | D:8      | Found a sand-covered staircase.
 10274 | Ossuary  | Entered an ossuary
 10535 | Ossuary  | Reached skill level 5 in Dodging
 11161 | D:8      | Reached ** piety under Okawaru
 11164 | D:8      | Reached skill level 10 in Fighting
 11753 | D:8      | Found Sato's Assorted Antiques.
 12280 | D:8      | Reached *** piety under Okawaru
 12338 | D:8      | Noticed Joseph
 12359 | D:8      | Killed Joseph
 12359 | D:8      | Reached skill level 11 in Fighting
 12359 | D:8      | Reached XP level 10. HP: 73/113 MP: 14/16
 12501 | D:8      | Identified a scroll of acquirement
 12501 | D:8      | Acquired the +2 gold dragon scales of Hadjma {*Contam rPois
                  | rF+ rC+ Regen+ SInv}
 13700 | D:9      | Noticed a two-headed ogre
 13866 | D:8      | Killed a two-headed ogre
 14279 | D:9      | Reached **** piety under Okawaru
 14279 | D:9      | Reached skill level 5 in Armour
 14369 | D:9      | Reached skill level 5 in Spellcasting
 14436 | D:9      | Reached skill level 5 in Invocations
 14436 | D:9      | Reached XP level 11. HP: 119/120 MP: 18/18
 14497 | D:9      | Noticed a two-headed ogre
 14534 | D:9      | Killed a two-headed ogre
 14664 | D:9      | Reached ***** piety under Okawaru
 15343 | D:10     | Entered Level 10 of the Dungeon
 15628 | D:10     | Found an ancient bone altar of Kikubaaqudgha.
 15632 | D:10     | Noticed an unseen horror
 15693 | D:10     | Killed an unseen horror
 15695 | D:10     | Got a bound lead ring
 15946 | D:10     | Reached skill level 12 in Fighting
 15971 | D:10     | Received a gift from Okawaru
 16153 | D:10     | Found a portal to a secret trove of treasure.
 16476 | D:10     | Found a staircase to the Orcish Mines.
 16582 | D:10     | Noticed an unseen horror
 16632 | D:10     | Killed an unseen horror
 16632 | D:10     | Received a gift from Okawaru
 16953 | D:11     | Noticed a cyclops
 17111 | D:11     | Killed a cyclops
 17413 | D:11     | Reached XP level 12. HP: 131/131 MP: 21/21
 17536 | D:11     | Found a staircase to the Lair.
 17578 | D:11     | Noticed an eight-headed hydra
 17637 | D:11     | Killed an eight-headed hydra
 17804 | D:11     | Reached skill level 13 in Fighting
 18181 | D:11     | Received a gift from Okawaru
 18296 | D:11     | Got a brightly glowing great mace {god gift}
 18321 | D:11     | Noticed a tengu warrior
 18362 | D:11     | Killed a tengu warrior
 18677 | D:11     | Reached skill level 14 in Fighting
 19001 | Lair:1   | Entered Level 1 of the Lair of Beasts
 19233 | Lair:1   | Noticed a four-headed hydra
 19240 | Lair:1   | Killed a four-headed hydra
 19280 | Lair:1   | Identified the +5 great mace of the Morning {venom, rF++
                  | MR- Dex+2} (Okawaru gifted it to you on level 11 of the
                  | Dungeon)
 19593 | Lair:1   | Received a gift from Okawaru
 19745 | Lair:1   | Identified the ring "Atiurgh" {rPois rF+ MR+} (You found it
                  | on level 10 of the Dungeon)
 20241 | Lair:2   | Reached XP level 13. HP: 80/145 MP: 21/23
 20374 | Lair:2   | Noticed Sonja
 20389 | Lair:2   | Cast into level 1 of the Abyss (Sonja)
 20421 | Abyss:1  | Noticed an eidolon
 20540 | Abyss:1  | Noticed a bone dragon
 20564 | Abyss:1  | Noticed a balrug
 20571 | Abyss:1  | Reached skill level 5 in Conjurations
 20708 | Abyss:1  | Noticed a starcursed mass
 20740 | Abyss:2  | Noticed a rakshasa
 20831 | Abyss:2  | Noticed a red draconian
 20903 | Abyss:2  | Noticed a tentacled starspawn
 20969 | Lair:2   | Escaped the Abyss
 20971 | Lair:2   | Noticed Sonja
 20971 | Lair:2   | Sonja changed into Sonja the polar bear
 20983 | Lair:2   | Killed Sonja the polar bear
 21188 | Lair:2   | Found a hole to the Spider Nest.
 21223 | Lair:2   | Found a runed translucent gate.
 21224 | Lair:2   | Found a runed translucent gate.
 21225 | Lair:2   | Found a runed translucent gate.
 21226 | Lair:2   | Noticed pentaxis93's ghost (journeyman DrTm)
 21226 | Lair:2   | Noticed UristMcRaven's ghost (journeyman DECj)
 21227 | Lair:2   | Noticed dricus's ghost (journeyman SpEn)
 21948 | Lair:2   | Killed pentaxis93's ghost
 21962 | Lair:2   | Killed UristMcRaven's ghost
 21962 | Lair:2   | Reached skill level 15 in Fighting
 22005 | Lair:2   | Killed dricus's ghost
 22635 | Lair:3   | Received a gift from Okawaru
 22896 | Lair:3   | Found a staircase to the Shoals.
 23789 | Lair:4   | Noticed Josephine
 23806 | Lair:4   | Killed Josephine
 23872 | Lair:4   | Reached skill level 10 in Maces & Flails
 24122 | Lair:4   | Received a gift from Okawaru
 24585 | Lair:4   | Reached XP level 14. HP: 132/159 MP: 26/26
 25516 | Lair:5   | Reached skill level 16 in Fighting
 25599 | Lair:5   | Found a staircase to the Slime Pits.
 26044 | Lair:5   | Reached skill level 5 in Evocations
 26279 | Lair:6   | Entered Level 6 of the Lair of Beasts
 26636 | Lair:6   | Received a gift from Okawaru
 26636 | Lair:6   | Reached skill level 5 in Stealth
 27136 | Lair:6   | Reached skill level 17 in Fighting
 27145 | Lair:6   | Received a gift from Okawaru
 28260 | Orc:1    | Entered Level 1 of the Orcish Mines
 28339 | Orc:1    | Noticed Maurice
 28409 | Orc:1    | Killed Maurice
 28591 | Orc:1    | Noticed Snorg
 28593 | Orc:1    | Found a dark tunnel.
 28610 | Orc:1    | Killed Snorg
 28610 | Orc:1    | Reached XP level 15. HP: 49/174 MP: 23/28
 28617 | Volcano  | Entered a volcano
 29206 | Orc:2    | Entered Level 2 of the Orcish Mines
 29409 | Orc:2    | Found a staircase to the Elven Halls.
 29494 | Orc:1    | Noticed Urug
 29571 | Orc:2    | Killed Urug
 29581 | Orc:1    | Noticed an orc warlord
 29664 | Orc:2    | Killed an orc warlord
 29859 | Orc:1    | Found a roughly hewn altar of Beogh.
 29870 | Orc:1    | Received a gift from Okawaru
 30571 | Orc:2    | Found Zosiesk's Antique Weapon Boutique.
 30627 | Orc:2    | Reached skill level 10 in Armour
 30980 | Orc:2    | Found Usittang's Assorted Antiques.
 30986 | Orc:2    | Bought a bronze ring for 110 gold pieces
 30992 | Orc:2    | Found Sewom's Weapon Shoppe.
 30994 | Orc:2    | Found Ykkum's Antique Weapon Boutique.
 31721 | D:12     | Found Wecowaurgh's Jewellery Shop.
 32146 | D:13     | Reached skill level 18 in Fighting
 32740 | D:13     | Found a gate to the Vaults.
 33523 | D:14     | Received a gift from Okawaru
 33727 | D:14     | Reached XP level 16. HP: 154/185 MP: 29/29
 34208 | D:7      | Bought a tin of tremorstones (3/3) for 480 gold pieces
 34399 | Orc:2    | Bought a condenser vane (2/2) for 440 gold pieces
 34607 | D:15     | Entered Level 15 of the Dungeon
 34792 | D:15     | HP: 6/188 [vampire knight/+0 great sword (28)]
 35024 | D:15     | Paralysed by a vampire knight for 6 turns
 35163 | D:15     | Found the +12 Vampire's Tooth {vamp}
 35343 | D:15     | Reached skill level 19 in Fighting
 35415 | D:15     | Found a staircase to the Depths.
 36224 | Shoals:1 | Entered Level 1 of the Shoals
 36234 | Shoals:1 | Found a frozen archway.
 36326 | IceCv    | Entered an ice cave
 36734 | IceCv    | Reached XP level 17. HP: 198/198 MP: 30/30
 36794 | IceCv    | Reached skill level 10 in Spellcasting
 36877 | IceCv    | Reached skill level 10 in Invocations
 38958 | Shoals:2 | Received a gift from Okawaru
 39784 | Shoals:2 | Reached XP level 18. HP: 167/208 MP: 32/32
 39996 | Shoals:3 | Received a gift from Okawaru
 40603 | Shoals:3 | Noticed Polyphemus
 40637 | Shoals:3 | HP: 10/209 [catoblepas[Polyphemus] (17)]
 40637 | Shoals:3 | Hit by a large rock thrown by Polyphemus

Illustrated notes

Levels and vault maps discovered:
D:1:      minmay_arrival_arboretum_small, layout_loops_ring, tso_metal_star
D:2:      layout_rooms, lightli_temple_of_fire
D:3:      layout_loops_corners, minitemple, old_standard_altar,
          lemuel_coloured_pillars_altar, guppyfry_early_orc_mine
D:4:      layout_basic, minmay_temple_entry_grid, uniq_eustachio
D:5:      layout_loops_corners, serial_shops, shop_scrolls,
          nicolae_shop_waterfront, kennysheep_little_box, uniq_ijyb,
          uniq_crazy_yiuf_cottage
D:6:      layout_basic, minmay_misc_feat_x, fedhas_ov_isle_minmay
D:7:      layout_basic, nicolae_elemental_shop
D:8:      statuecave_lemuel, layout_cave_pools, serial_bayou,
          serial_bayou_pond_d, serial_bayou_lagoon_b, serial_bayou_pond_d,
          serial_bayou_lake_a, serial_shops, kennysheep_mini_moat,
          enter_ossuary_5, uniq_joseph
D:9:      cheibrodos_grave_circle, layout_irregular_city,
          chequers_serial_rivers_small_3
D:10:     layout_gridville, david_orc_4, nicolae_trove_entry_diagonal,
          tgw_kikubaaqudgha
D:11:     regret_index_wax_grids, layout_stronghold, erik_lair_island,
          serial_glass, glass_columns_b, glass_columns_c, glass_columns_a,
          glass_columns_a, glass_columns_a, glass_columns_c, glass_columns_b,
          glass_columns_c, glass_columns_c, glass_columns_a, glass_columns_b,
          glass_columns_b, glass_columns_c, glass_columns_b, st_stairs_13
D:12:     layout_loops_cross, serial_shops, nicolae_shop_behind_doors
D:13:     minmay_isolated_rectangles_in_corner, layout_basic, david_vaults_1
D:14:     layout_loops_ring, serial_bayou_pond_b
D:15:     gammafunk_enter_depths_forms, layout_irregular_city,
          chequers_mini_garden, minmay_guarded_unrand_vampires_tooth
Temple:   nicolae_temple_elliptical
Lair:1:   layout_gridlike, roderic_batcave, lemuel_fruit_tree
Lair:2:   layout_cave_pods, dummy_spider_entry, serial_rivers,
          chequers_serial_rivers_marsh, chequers_serial_rivers_small_3,
          chequers_serial_rivers_small_b, chequers_serial_rivers_room_b,
          chequers_serial_rivers_small_a, gammafunk_ghost_cemetery, uniq_sonja
Lair:3:   layout_layer_cave, shoals_dummy_entry, serial_bayou_shore_b
Lair:4:   layout_regular_city, uniq_josephine
Lair:5:   layout_roguey, minmay_slime_entry_pillars, fungi_pond_lemuel,
          st_stairs_6
Lair:6:   minmay_lair_end_enchanted_forest, layout_loops_ring
Shoals:1: layout_shoals, portal_ice_cave_entry_ice_statue_two,
          nicolae_shoals_wave_tunnel
Shoals:2: layout_shoals
Shoals:3: layout_shoals, serial_shops, shop, uniq_polyphemus
Orc:1:    nicolae_orc_accident_2, layout_caves, enter_volcano_1, uniq_snorg,
          uniq_urug, uniq_maurice
Orc:2:    st_orc_elflike, layout_diamond_mine

Skill      XL: |  1  2  3  4  5  6  7  8  9 10 11 12 13 14 15 16 17 |
---------------+----------------------------------------------------+-----
Dodging        | 2 3 4 6 7 8 |  8.0
Conjurations   | 4 5 6 7 8 |  8.0
Spellcasting   | 3 4 5 6 8 9 10 | 10.0
Stealth        | 2 3 4 5 6 |  6.0
Fighting       | 2 3 5 6 8 9 11 12 14 15 17 18 19 | 19.6
Maces & Flails | 1 2 3 5 6 7 8 9 10 11 12 | 12.0
Evocations     | 1 2 3 4 5 6 |  6.0
Invocations    | 2 3 4 5 6 7 9 10 | 10.0
Armour         | 5 7 8 9 10 11 | 11.0

Action                   |  1- 3 |  4- 6 |  7- 9 | 10-12 | 13-15 | 16-18 || total
-------------------------+-------+-------+-------+-------+-------+-------++-------
Melee: Unarmed           |     4 |       |       |       |       |       ||     4
       Club              |    17 |       |       |       |       |       ||    17
       Whip              |    19 |    56 |   174 |  1511 |   947 |       ||  2707
       Flail             |       |       |       |    73 |   139 |       ||   212
       Punch             |       |       |       |    14 |     9 |       ||    23
       Dire flail        |       |       |       |       |  1211 |   899 ||  2110
Throw: Dart              |       |       |       |       |     9 |       ||     9
 Cast: Magic Dart        |    43 |    40 |   193 |       |       |       ||   276
       Searing Ray       |     3 |    10 |    34 |       |       |       ||    47
Invok: Heroism           |       |       |     3 |    24 |    27 |    18 ||    72
       Finesse           |       |       |       |     5 |     8 |     6 ||    19
Evoke: Wand              |       |     2 |     9 |    11 |     2 |     1 ||    25
       Phantom mirror    |       |       |       |     2 |     1 |     1 ||     4
       Phial of floods   |       |       |       |       |     1 |       ||     1
       Condenser vane    |       |       |       |       |       |     1 ||     1
  Use: Scroll            |     7 |     4 |    10 |     9 |    16 |     9 ||    55
       Potion            |       |       |     1 |       |     3 |     8 ||    12
 Stab: Sleeping          |     1 |     3 |     1 |       |       |       ||     5
       Paralysed         |       |       |    17 |    13 |       |       ||    30
       Confused          |       |       |       |     1 |       |       ||     1
       Petrified         |       |       |       |       |     4 |       ||     4
Armor: Robe              |    24 |    21 |    46 |       |       |       ||    91
       Gold dragon scale |       |       |       |   877 |  1019 |   761 ||  2657
Dodge: Dodged            |    35 |    29 |   133 |   458 |   608 |   271 ||  1534
       Repelled          |       |       |       |       |     3 |     4 ||     7

Table legend: (Time is in decaauts)
 A = Elapsed time spent in this place.
 B = Non-inter-level travel time spent in this place.
 C = Inter-level travel time spent in this place.
 D = Time resting spent in this place.
 E = Time spent auto-exploring this place.
 F = Levels seen in this place.
 G = Mean time per level.
                   A        B        C        D        E       F      G
               +--------+--------+--------+--------+--------+-----+--------+
         Total |  39267 |  35735 |   3532 |   2786 |  24636 |  32 | 1227.1 |
       Dungeon |  22795 |  20405 |   2390 |   1582 |  14555 |  15 | 1519.7 |
        Temple |    144 |    117 |     27 |      0 |    116 |   1 |  144.0 |
          Lair |   7940 |   7342 |    598 |    212 |   5228 |   6 | 1323.3 |
        Shoals |   3165 |   2886 |    279 |    251 |   2026 |   3 | 1055.0 |
  Orcish Mines |   2354 |   2117 |    237 |    190 |   1321 |   2 | 1177.0 |
         Abyss |    590 |    590 |      0 |    130 |     48 |   2 |  295.0 |
       Ossuary |    697 |    697 |      0 |      0 |    572 |   1 |  697.0 |
      Ice Cave |   1206 |   1206 |      0 |    265 |    583 |   1 | 1206.0 |
       Volcano |    371 |    371 |      0 |    153 |    185 |   1 |  371.0 |
               +--------+--------+--------+--------+--------+-----+--------+

Top non-repeatable levels by time:
     D:8: 3072 daAuts
    D:11: 2155 daAuts
     D:5: 1984 daAuts
    D:10: 1818 daAuts
     D:4: 1741 daAuts
  Lair:6: 1563 daAuts
     D:6: 1543 daAuts
  Lair:3: 1530 daAuts
     D:3: 1502 daAuts
     D:9: 1406 daAuts
  Lair:2: 1366 daAuts
     D:1: 1344 daAuts
  Lair:4: 1280 daAuts
     D:7: 1257 daAuts
Shoals:2: 1227 daAuts
